 Dungeon Crawl Stone Soup version 0.21.1-1-g345015f (webtiles) character file.

33 Kairos the Cudgeler (level 3, 27/27 HPs)
             Began as a Demonspawn Gladiator on Mar 26, 2018.
             Got out of the dungeon alive.
             The game lasted 00:02:25 (998 turns).

Kairos the Cudgeler (Demonspawn Gladiator)           Turns: 998, Time: 00:02:25

Health: 27/27      AC:  8    Str: 15    XL:     3   Next: 12%
Magic:  3/3        EV: 12    Int:  9    God:
Gold:   41         SH:  0    Dex: 14    Spells: 2/2 levels left

rFire    . . .     SeeInvis .   a - +0 flail
rCold    . . .     Gourm    .   (no shield)
rNeg     . . .     Faith    +   p - +0 ring mail
rPois    .         Spirit   .   c - +0 helmet
rElec    .         Reflect  .   (no cloak)
rCorr    +         Harm     .   (no gloves)
MR       .....                  (no boots)
Stlth    ..........             e - amulet of faith
HPRegen  0.09/turn              b - ring of resist corrosion
MPRegen  0.08/turn              (no ring)

@: no status effects
A: hooves 1, yellow scales 1
a: no special abilities


You escaped.
You were not hungry.

You visited 1 branch of the dungeon, and saw 1 of its levels.

You collected 41 gold pieces.

Inventory:

Hand Weapons
 a - a +0 flail (weapon)
Missiles
 d - 3 throwing nets (quivered)
Armour
 c - a +0 helmet (worn)
 p - a +0 ring mail (worn)
Jewellery
 b - a ring of resist corrosion (left hand)
 e - an amulet of faith (around neck)
Scrolls
 g - a scroll of amnesia {unknown}
 i - a scroll of teleportation {unknown}
 j - a scroll of identify {unknown}
 k - a scroll of magic mapping
 l - a scroll of remove curse
 m - a scroll of fear {unknown}
 n - a scroll of immolation {unknown}
Potions
 h - a potion of cancellation {unknown}
 o - 2 potions of might {unknown}
Comestibles
 f - 2 rations


   Skills:
 + Level 2.1 Fighting
 + Level 3.3 Maces & Flails
 + Level 2.0 Throwing
 + Level 0.1 Armour
 + Level 3.0 Dodging


You had 2 spell levels left.
You didn't know any spells.

Dungeon Overview and Level Annotations

Branches:
Dungeon (1/15)

Altars:


Innate Abilities, Weirdness & Mutations

You have large cloven feet.
You are partially covered in yellow scales. (AC +2)


Message History

You continue putting on your shiny ring mail. x5
You finish putting on your cursed +0 ring mail.
Oops, that feels deathly cold.
As you read the scroll labeled ERULLYEFOK, it crumbles to dust.
You feel aware of your surroundings.
It was a scroll of magic mapping.
As you read the scroll labeled AMAESO TEFUY, it crumbles to dust.
You feel as if something is helping you.
It was a scroll of remove curse.
You drop a +0 leather armour.
b - a coral ring Done exploring.
Done exploring.
There is a stone staircase leading down here.
b - a ring of resist corrosion (left hand)
There is an open door here.
There is a staircase leading out of the dungeon here.
Are you sure you want to leave the Dungeon?
This will make you lose the game!
Alright, then stay!
Are you sure you want to leave the Dungeon?
This will make you lose the game!
You have escaped!

#.##.# #.### #)# # #(##.# #.#
#.# # #.##.#
#.######.############# #
#.##.###.#...##.............#
#
#.##........>######..######.#
# ##.######...### ##..# ###
...# ###.#########..#####
#### #.##.....##..##..# ###
#.##..@..'...##..# ..#
#.##.....##..##..# #.#
#.#########...'..# #.#
#.#########..##..# #.#
#............##..# #.#
#>.........⌠.##..##### #.#
#.########...######..#
#.#########.## #...#######.##
.............# ##.##.##.##...


There were no monsters in sight!

Vanquished Creatures
  3 dart slugs (D:1)
  A leopard gecko (D:1)
  3 giant cockroaches (D:1)
  3 goblins (D:1)
  5 hobgoblins (D:1)
  A frilled lizard (D:1)
  5 kobolds (D:1)
  3 rats (D:1)
24 creatures vanquished.

Notes
Turn   | Place    | Note
-------+----------+-------------------------------------------
     0 | D:1      | Kairos the Demonspawn Gladiator began the quest for the Orb.
     0 | D:1      | Reached XP level 1. HP: 16/16 MP: 1/1
   128 | D:1      | Gained mutation: You are partially covered in yellow scales. (AC +2) [demonic ancestry]
   128 | D:1      | Reached XP level 2. HP: 16/22 MP: 2/2
   390 | D:1      | Gained mutation: You have large cloven feet. [demonic ancestry]
   390 | D:1      | Reached XP level 3. HP: 25/27 MP: 3/3
   998 | D:$      | Got out of the dungeon alive.

Skill      XL: |  1  2 |
---------------+-------+-----
Maces & Flails | 3 |  3.3
Throwing       | 2 |  2.0
Dodging        | 3 |  3.0
Fighting       | |  2.1
Armour         | |  0.1

Action                   || total
-------------------------++-------
Melee: Flail             ||    70
       Kick              ||     2
  Use: Scroll            ||     2
Armor: Leather armour    ||    21
Dodge: Dodged            ||    51
